cohdb
Replays
Latest Replays
All Replays
Popular Replays
Top Player Replays
Match Explorer
How It Works
Community
CoH3 Stats
Reddit
Sign in to upload your games and track your stats! →
Sign in with Steam
Match 41606241
Unlisted
Match 41606241
Overview
Messages
Build Orders
End
Royal Engineer Section
Construct Section Command Post
Dingo Light Scout Car
Infantry Section
Vickers Machine Gun Team
Selects Canadian Shock Battlegroup
Construct Field Infirmary
Construct Platoon Command Post
Selects Attacking Spirit
Selects Incendiary Munitions
Humber Armored Car
6-pounder Anti-tank Gun Team
Selects Canadian Shock Section
Canadian Shock Section
Infantry Training
6-pounder Anti-tank Gun Team
Construct Company Command Post
Vickers Machine Gun Team
Selects Pyrotechnics
Matilda II Heavy Tank
Selects Churchill Crocodile Heavy Tank
Armored Vehicle Training
Churchill Crocodile Heavy Tank
Foot Guards Section
Crusader II Medium Tank
Selects Smoke Operation
Crusader II Medium Tank
Herald of God Emperor Xi
Havoc
VonManteuffel
Heartless Jäger
0
0
Comments
sign in to comment!
No comments posted yet!